[Event "Rohde op 09th"]
[Site "Sautron"]
[Date "2009.10.30"]
[Round "8"]
[White "Delorme, Axel"]
[Black "Maiorov, Nikita"]
[Result "1/2-1/2"]
[ECO "C91"]
[WhiteElo "2442"]
[BlackElo "2513"]
[Annotator "RR"]
[PlyCount "86"]
[EventDate "2009.10.24"]
[EventType "swiss"]
[EventRounds "9"]
[EventCountry "FRA"]
[SourceTitle "EXT 2010"]
[Source "ChessBase"]
[SourceDate "2010.11.25"]
[SourceVersion "1"]
[SourceVersionDate "2010.11.25"]
[SourceQuality "1"]
[TimeControl "6000"]

1. e4 e5 2. Nf3 Nc6 3. Bb5 a6 4. Ba4 Nf6 5. O-O Be7 6. Re1 d6 7. c3 Bg4 8. d4
b5 9. Bb3 O-O 10. d5 Na5 11. Bc2 Qc8 $5 (11... c6) 12. h3 Bd7 13. Nbd2 c6 14.
dxc6 Qxc6 15. Nf1 Nc4 16. a4 ({RR} 16. Ng3 Rfe8 17. a4 h6 18. b3 Na5 19. Bd2
Qc7 20. axb5 axb5 21. Nh4 Nc6 22. Nhf5 Rxa1 23. Qxa1 Bf8 24. Bd3 Nd8 25. c4 Ne6
26. cxb5 Nc5 27. Bc4 Bxf5 28. Nxf5 Ncxe4 29. Bb4 Qb6 30. Ne3 d5 {Kamsky,G 
(2720)-Svidler,P (2726)/Nalchik 2009/Mega2009 Update 16/1-0 (74)}) 16... Qc7
$146 ({RR} 16... Rfc8 17. b3 Na5 18. Bd2 Qb7 19. axb5 axb5 20. Ne3 g6 21. Nd5
Bd8 22. Nh2 Nxd5 23. exd5 f5 24. Nf3 Qxd5 25. c4 bxc4 26. Bxa5 Qxd1 27. Rexd1
Bxa5 28. Nxe5 dxe5 29. Rxd7 c3 30. Rb7 Bd8 31. Rxa8 {Wedberg,T (2425)
-Westerinen,H (2465)/Malmo 1979/EXT 1998/0-1 (38)}) 17. Ng3 g6 $11 18. b3 Na5
19. axb5 axb5 20. Bd2 Rfb8 21. Qe2 Bf8 22. Ra2 Nb7 23. Rxa8 (23. Rea1 Rxa2 24.
Rxa2 Nc5) 23... Rxa8 24. b4 Nd8 25. Bd3 Qb7 26. c4 Ne6 27. cxb5 Nc7 28. Bc4
Bxb5 29. Ng5 Bxc4 30. Qxc4 Nb5 31. Rc1 Rb8 32. h4 Qd7 33. h5 Nxh5 34. Nxh5 gxh5
35. f4 (35. Ra1) 35... h6 36. Nf3 exf4 37. Bxf4 Qg4 38. Bh2 h4 39. e5 h5 40.
Qxg4+ hxg4 41. Nxh4 dxe5 (41... d5) 42. Bxe5 Re8 43. Bg3 Bxb4 1/2-1/2